 Dungeon Crawl Stone Soup version 0.28.0-53-g5a82cb258f (webtiles) character file.

Game seed: 10860170023379000784

735 safid the Cleaver (level 7, -2/59 HPs)
             Began as a Hill Orc Fighter on July 28, 2022.
             Slain by Prince Ribbit (15 damage)
             ... on level 5 of the Dungeon.
             The game lasted 00:04:49 (5922 turns).

safid the Cleaver (Hill Orc Fighter)                Turns: 5922, Time: 00:04:50

Health: -2/59      AC:  8    Str: 21    XL:     7   Next: 74%
Magic:  7/7        EV:  9    Int:  8    God:
Gold:   199        SH:  4    Dex: 10    Spells: 6/6 levels left

rFire   . . .      SeeInvis .   a - +0 war axe
rCold   . . .      Faith    .   c - +0 buckler
rNeg    . . .      Spirit   .   b - +0 scale mail
rPois   .          Reflect  .   l - +0 helmet
rElec   .          Harm     .   (no cloak)
rCorr   .          Rampage  .   (no gloves)
Will    .....                   (no boots)
Stlth   ..........              (no amulet)
HPRegen 0.19/turn               (no ring)
MPRegen 0.10/turn               (no ring)

@: no status effects
A: no striking features
a: no special abilities


You were on level 5 of the Dungeon.
You visited 1 branch of the dungeon, and saw 5 of its levels.

You collected 199 gold pieces.

Inventory:

Hand Weapons
 a - a +0 war axe (weapon)
Armour
 b - a +0 scale mail (worn)
 c - a +0 buckler (worn)
 l - a +0 helmet (worn)
Jewellery
 n - a ring of positive energy
 r - a +6 ring of intelligence
Wands
 q - a wand of iceblast (2)
Scrolls
 d - a scroll of torment {unknown}
 e - 6 scrolls of identify {unknown}
 f - 2 scrolls of fear {unknown}
 h - 3 scrolls of teleportation {unknown}
 i - a scroll of enchant armour {unknown}
 k - a scroll of enchant weapon {unknown}
 m - a scroll of summoning {unknown}
 o - 3 scrolls of vulnerability {unknown}
Potions
 g - a potion of heal wounds {unknown}
 j - a potion of cancellation {unknown}
 p - a potion of attraction {unknown}


   Skills:
 - Level 4.0 Fighting
 + Level 10.3 Axes
 - Level 4.0 Armour
 - Level 4.0 Shields


You had 6 spell levels left.
You didn't know any spells.
Your spell library contained the following spells:

 Spells                   Type           Power      Damage    Failure   Level
 Animate Skeleton         Necr           0%         N/A       83%         1
 Apportation              Tloc           0%         N/A       83%         1
 Slow                     Hex            0%         N/A       83%         1
 Summon Small Mammal      Summ           0%         N/A       83%         1
 Confusing Touch          Hex            0%         N/A       99%         3
 Vampiric Draining        Necr           0%         2d6       99%         3


Dungeon Overview and Level Annotations

Branches:
Dungeon (5/15)
 Temple: D:4-7

Altars:

Annotations:
D:5 Prince Ribbit


Message History

You block the hound's attack.
Prince Ribbit blinks!
The hound bites you.
You slash the hound!
You kill the hound!
Found a scroll labelled DELATT DISMAN.
Found 9 gold pieces.
Prince Ribbit hits you!
You barely miss Prince Ribbit. Prince Ribbit hits you!
You hit Prince Ribbit.
Prince Ribbit is lightly wounded.
Prince Ribbit hits you!
Prince Ribbit hits you but does no damage.
You are too injured to fight recklessly!
You are too injured to fight recklessly!
You are too injured to fight recklessly!
You are too injured to fight recklessly!
You are too injured to fight recklessly!
You are too injured to fight recklessly!
You are too injured to fight recklessly!
You are too injured to fight recklessly!
You are too injured to fight recklessly!
You closely miss Prince Ribbit.
Prince Ribbit is lightly wounded.
Prince Ribbit hits you!
You hit Prince Ribbit.
Prince Ribbit is moderately wounded.
Prince Ribbit closely misses you.
Prince Ribbit hits you but does no damage.
You hit Prince Ribbit.
Prince Ribbit is moderately wounded.
Prince Ribbit hits you but does no damage.
You closely miss Prince Ribbit.
Prince Ribbit is moderately wounded.
Prince Ribbit hits you but does no damage.
You barely miss Prince Ribbit.
Prince Ribbit is moderately wounded.
Prince Ribbit barely misses you. Prince Ribbit hits you!
* * * LOW HITPOINT WARNING * * *
You barely miss Prince Ribbit.
Prince Ribbit is moderately wounded.
Prince Ribbit hits you!
You die...

#..............
..########..............
....................(...
........................
.?......................
........................
.........†..............
...........######.......
......F@...# #.......
...........# ###....#
...........# ######
...........# #
...........# #
$.########## # # #


You could see Prince Ribbit.

Vanquished Creatures
  Grinder (D:5)
  An ice beast (D:3)
  4 scorpions
  A hound (D:5)
  An orc wizard (D:4)
  Robin (D:4)
  4 adders
  A white imp (D:5)
  An ufetubus (D:4)
  A worm (D:5)
  3 dart slugs
  6 orcs (D:3)
  3 bats
  6 endoplasms
  5 giant cockroaches
  16 goblins
  8 hobgoblins
  5 quokkas
  4 ball pythons
  6 frilled lizards
  7 kobolds
  8 rats
93 creatures vanquished.

Vanquished Creatures (others)
  2 plants (D:4)
2 creatures vanquished.

Grand Total: 95 creatures vanquished

Notes
Turn   | Place    | Note
-------+----------+-------------------------------------------
     0 | D:1      | safid the Hill Orc Fighter began the quest for the Orb.
     0 | D:1      | Reached XP level 1. HP: 19/19 MP: 1/1
   230 | D:1      | Reached XP level 2. HP: 26/27 MP: 2/2
   292 | D:1      | Reached skill level 3 in Axes
   865 | D:1      | Found a faded altar of an unknown god.
  1120 | D:2      | Reached XP level 3. HP: 33/33 MP: 3/3
  2142 | D:3      | Noticed an ice beast
  2150 | D:3      | Killed an ice beast
  2151 | D:3      | Reached skill level 5 in Axes
  2151 | D:3      | Reached XP level 4. HP: 22/40 MP: 4/4
  2151 | D:3      | Reached XP level 5. HP: 26/46 MP: 5/5
  3228 | D:4      | Noticed Robin
  3231 | D:4      | Reached skill level 6 in Axes
  3699 | D:4      | Killed Robin
  3700 | D:4      | Reached XP level 6. HP: 10/52 MP: 6/6
  4126 | D:4      | Reached skill level 7 in Axes
  4832 | D:5      | Entered Level 5 of the Dungeon
  4850 | D:5      | Reached skill level 8 in Axes
  5237 | D:5      | Noticed Grinder
  5237 | D:5      | Paralysed by Grinder for 6 turns
  5265 | D:5      | Reached XP level 7. HP: 24/59 MP: 7/7
  5474 | D:5      | Killed Grinder
  5475 | D:5      | Reached skill level 9 in Axes
  5791 | D:5      | Reached skill level 10 in Axes
  5906 | D:5      | Noticed Prince Ribbit
  5922 | D:5      | Slain by Prince Ribbit

Illustrated notes

Levels and vault maps discovered:
D:1:      minmay_arrival_plants_in_alcoves, layout_loops_ring,
          shapermc_ecumenical_altar_flowoftime, minmay_door_square,
          minmay_pentomino_p2
D:2:      layout_basic
D:3:      kb_forest_paths, layout_basic
D:4:      layout_basic, serial_bayou, serial_bayou_pond_a,
          serial_bayou_crossing, serial_bayou_pond_d, serial_bayou_ford_a,
          uniq_robin
D:5:      layout_basic, uniq_prince_ribbit1, uniq_grinder

Skill      XL: |  1  2  3  4  5  6  7 |
---------------+----------------------+-----
Axes           | 3 5 6 8 10 | 10.3
Fighting       | 4 |  4.0
Armour         | 4 |  4.0
Shields        | 4 |  4.0

Action                   |  1- 3 |  4- 6 |  7- 9 || total
-------------------------+-------+-------+-------++-------
Melee: War axe           |   105 |   133 |    34 ||   272
  Use: Potion            |       |     1 |       ||     1
Armor: Scale mail        |    47 |    83 |    14 ||   144
Dodge: Dodged            |    55 |    77 |    12 ||   144
Block: Buckler           |    36 |    31 |     5 ||    72
